 Dungeon Crawl Stone Soup version 0.31-a0-1540-g5a0b83f448 (webtiles) character file.

Game seed: 5793966331720220148

662 voltaire321 the Apothecary (level 7, 0/51 HPs)
             Began as a Demonspawn Alchemist on Jan 1, 2024.
             Was an Initiate of Makhleb.
             Incinerated by a bombardier beetle (3 damage)
             ... with a burning spray
             ... on level 4 of the Dungeon.
             The game lasted 00:12:04 (4124 turns).

voltaire321 the Apothecary (Demonspawn Alchemist)   Turns: 4124, Time: 00:12:04

Health: 0/51       AC: 16    Str: 10    XL:     7   Next: 30%
Magic:  11/12      EV:  9    Int: 16    God:    Makhleb [......]
Gold:   157        SH:  0    Dex: 13    Spells: 6/13 levels left

rFire   . . .        w - +0 war axe
rCold   + . .        (no shield)
rNeg    + . .        o - +3 scale mail {rC+}
rPois   .            (helmet restricted)
rElec   .            (no cloak)
rCorr   .            c - +0 pair of gloves
SInv    .            (no boots)
Will    .....        (no amulet) Stlth
                     p - ring of positive energy
HPRegen 0.28/turn    (no ring)
MPRegen 0.13/turn

%: no passive effects
@: on fire, sanguine armoured, glowing
A: antennae 1, foul stench 1, sanguine armour 1
a: Renounce Religion


You were on level 4 of the Dungeon.
You worshipped Makhleb.
Makhleb was noncommittal.
You visited 1 branch of the dungeon, and saw 4 of its levels.

You collected 157 gold pieces.

Inventory:

Hand Weapons
 w - a +0 war axe (weapon)
Missiles
 h - 4 curare-tipped darts
Armour
 c - a +0 pair of gloves (worn)
 d - a +2 leather armour of cold resistance
 o - a +3 scale mail of cold resistance (worn)
Jewellery
 p - a ring of positive energy (left hand)
Talismans
 f - a dragon-blood talisman
Wands
 m - a wand of polymorph (13)
 t - a wand of digging (6)
Scrolls
 e - 5 scrolls of identify {unknown}
 i - a scroll of immolation {unknown}
 j - a scroll of revelation {unknown}
 k - a scroll of teleportation {unknown}
 l - 4 scrolls of fear {unknown}
 q - a scroll of enchant weapon {unknown}
 s - a scroll of poison {unknown}
 u - a scroll of amnesia {unknown}
 v - a scroll of enchant armour {unknown}
Potions
 b - a potion of magic
 n - 2 potions of curing {unknown}
 r - a potion of berserk rage {unknown}


   Skills:
 + Level 2.9 Fighting
 + Level 2.5 Armour
 + Level 3.2 Dodging
 - Level 1.7 Stealth
 + Level 3.5 Spellcasting
 + Level 3.1 Conjurations
 + Level 4.2 Alchemy
 + Level 2.0 Invocations


You had 6 spell levels left.
You knew the following spells:

 Your Spells              Type           Power      Damage    Failure   Level
a - Sting                 Conj/Alch      56%        1d6       26%         1
b - Mercury Vapours       Alch/Air       18%        N/A       58%         2
c - Olgreb's Toxic Radia  Alch           16%        N/A       89%         4

Your spell library contained the following spells:

 Spells                   Type           Power      Damage    Failure   Level
 Freeze                   Ice            8%         1d3       75%         1
 Necrotise                Necr           8%         1d4       75%         1
 Mephitic Cloud           Conj/Alch/Air  10%        N/A       77%         3
 Jinxbite                 Hex            4%         N/A       87%         2
 Hailstorm                Conj/Ice       7%         3d5       88%         3
 Frozen Ramparts          Ice            4%         1d1       98%         3
 Vampiric Draining        Necr           2%         2d6       98%         3
 Sticky Flame             Fire/Alch      9%         2d5       99%         4
 Martyr's Knell           Necr/Summ      2%         N/A       100%        4
 Curse of Agony           Necr           2%         N/A       100%        5
 Yara's Violent Unravell  Hex/Alch       4%         3d4       100%        5
 Enfeeble                 Hex            1%         N/A       100%        7


Dungeon Overview and Level Annotations

Branches:
Dungeon (4/15)
 Temple: D:4-7

Altars:
Makhleb

Shops:
D:2 [!*


Innate Abilities, Weirdness & Mutations

You have a pair of small antennae on your head.
You may rarely emit foul miasma when damaged in melee.
When seriously injured, your blood forms armour. (AC +6)


Message History

Your blood congeals into armour.
You barely miss the bombardier beetle.
The bombardier beetle is heavily wounded.
The liquid fire burns you!
The bombardier beetle sprays incendiary fluid at you.
The burning spray misses you.
You barely miss the bombardier beetle.
The bombardier beetle is heavily wounded.
The liquid fire burns you!
The bombardier beetle completely misses you.
You closely miss the bombardier beetle.
The bombardier beetle is heavily wounded.
The liquid fire burns you!
* * * LOW HITPOINT WARNING * * *
The bombardier beetle sprays incendiary fluid at you.
The burning spray hits you.
You are even more covered in liquid fire!
Aiming: Sting (safe; 26% risk of failure)
Press: ? - help, Q - select action, (/) - cycle Shift-Dir - straight line, f - bombardier beetle
Aim: a bombardier beetle (heavily wounded, 83% to hit)
The sting hits the bombardier beetle but does no damage.
The bombardier beetle is poisoned.
The bombardier beetle is heavily wounded.
The liquid fire burns you!
* * * LOW HITPOINT WARNING * * *
The bombardier beetle bites you but does no damage.
You hit the bombardier beetle.
You kill the bombardier beetle!
Makhleb accepts your kill. The liquid fire burns you!
* * * LOW HITPOINT WARNING * * *
Your Invocations skill increases to level 2!
You are on fire!
You shake off some of the fire as you move.
The liquid fire burns you!
* * * LOW HITPOINT WARNING * * *
You see here a bombardier beetle corpse.
You shake off some of the fire as you move.
The liquid fire burns you!
You die...

#.....#. ###.###.
####.###.
##########........
#.................
#.########.##.....
#..####.#
#.####### #......#
#.# #@# #.# #†#
#.# #.# #.# #)#
#.# #.# #.#
#.########.#
#..........#
############


There were no monsters in sight!

Vanquished Creatures
  Sigmund (D:4)
  A phantom (D:3)
  2 scorpions (D:4)
  2 bombardier beetles (D:4)
  Jessica (D:2)
  Terence (D:2)
  Natasha (thrice) (D:2)
  5 adders
  2 ufetubi (D:4)
  3 dart slugs
  A ribbon worm (D:2)
  An orc (D:4)
  2 endoplasms (D:1)
  4 giant cockroaches
  6 goblins
  4 hobgoblins
  4 jackals (D:2)
  3 kobolds
  3 quokkas
  11 ball pythons
  5 bats
  4 frilled lizards
  5 rats
74 creatures vanquished.

Notes
Turn   | Place    | Note
-------+----------+-------------------------------------------
     0 | D:1      | voltaire321 the Demonspawn Alchemist began the quest for
                  | the Orb.
     0 | D:1      | Reached XP level 1. HP: 13/13 MP: 3/3
   267 | D:1      | Gained mutation: When seriously injured, your blood forms
                  | armour. (AC +6) [demonic ancestry]
   267 | D:1      | Reached XP level 2. HP: 19/19 MP: 3/5
   857 | D:1      | Reached XP level 3. HP: 25/25 MP: 1/6
   937 | D:2      | Found Most's Distillery.
   959 | D:2      | Found Xolat's General Store.
  1152 | D:2      | Reached skill level 1 in Fighting
  1337 | D:2      | Noticed Natasha
  1346 | D:2      | Killed Natasha
  1347 | D:2      | Reached skill level 1 in Armour
  1347 | D:2      | Reached XP level 4. HP: 21/32 MP: 2/7
  1504 | D:2      | Noticed Natasha
  1515 | D:2      | Killed Natasha
  1646 | D:2      | Noticed Natasha
  1653 | D:2      | Killed Natasha
  1731 | D:2      | Learned a level 2 spell: Mercury Vapours
  1746 | D:2      | Found Fousch's Armour Boutique.
  1804 | D:2      | Noticed Terence
  1820 | D:2      | Killed Terence
  1821 | D:2      | Gained mutation: You may rarely emit foul miasma when
                  | damaged in melee. [demonic ancestry]
  1821 | D:2      | Reached XP level 5. HP: 24/38 MP: 4/9
  1990 | D:2      | Learned a level 4 spell: Olgreb's Toxic Radiance
  2008 | D:2      | Noticed Jessica
  2017 | D:2      | Killed Jessica
  2591 | D:3      | Noticed a phantom
  2662 | D:3      | Found a faded altar of an unknown god.
  2662 | D:3      | Noticed a sixfirhy
  2787 | D:3      | Killed a phantom
  2894 | D:3      | Reached XP level 6. HP: 44/44 MP: 8/10
  3625 | D:4      | Found a burning altar of Makhleb.
  3658 | D:4      | Became a worshipper of Makhleb the Destroyer
  3787 | D:4      | Reached skill level 4 in Alchemy
  3854 | D:4      | Reached skill level 1 in Invocations
  3934 | D:4      | Noticed Sigmund
  3956 | D:4      | Killed Sigmund
  3957 | D:4      | Gained mutation: You have a pair of small antennae on your
                  | head. [demonic ancestry]
  3957 | D:4      | Reached XP level 7. HP: 24/51 MP: 12/12
  4124 | D:4      | Incinerated by a bombardier beetle

Illustrated notes

Levels and vault maps discovered:
D:1:      dpeg_arrival_arbitrary_b, layout_rooms, minmay_tromino_v4_c
D:2:      layout_loops_corners, serial_shops, shop, shop, shop,
          kennysheep_cross_room, uniq_natasha, uniq_terence, uniq_jessica
D:3:      layout_basic, dreamdust_ecumenical_altar_sealed_demon
D:4:      layout_loops_ring, lemuel_crystal_altar,
          hellmonk_guarded_unrand_hermit, uniq_sigmund

Skill      XL: |  1  2  3  4  5  6  7 |
---------------+----------------------+-----
Dodging        | 2 3 |  3.2
Fighting       | 1 2 |  2.9
Armour         | 1 2 |  2.5
Conjurations   | 2 3 |  3.1
Spellcasting   | 3 |  3.5
Alchemy        | 4 |  4.2
Invocations    | 1 2 |  2.0
Stealth        | |  1.7

Action                     |  1- 3 |  4- 6 |  7- 9 || total
---------------------------+-------+-------+-------++-------
  Melee: Dagger            |     3 |       |       ||     3
         Short sword       |    18 |    85 |       ||   103
         Unarmed           |       |    10 |       ||    10
         Punch             |       |     1 |       ||     1
         War axe           |       |    26 |    12 ||    38
   Cast: Sting             |    57 |    57 |     1 ||   115
   Stab: Sleeping          |       |     1 |       ||     1
 Armour: Robe              |     3 |       |       ||     3
         Leather armour    |    10 |    74 |       ||    84
         Skin              |       |     2 |       ||     2
         Scale mail        |       |    15 |     9 ||    24
  Dodge: Dodged            |    17 |   108 |     4 ||   129

Table legend: (Time is in decaauts)
 A = Elapsed time spent in this place.
 B = Non-inter-level travel time spent in this place.
 C = Inter-level travel time spent in this place.
 D = Time resting spent in this place.
 E = Time spent auto-exploring this place.
 F = Levels seen in this place.
 G = Mean time per level.
                   A        B        C        D        E       F      G
               +--------+--------+--------+--------+--------+-----+--------+
         Total |   4138 |   3988 |    150 |    801 |   2288 |   4 | 1034.5 |
       Dungeon |   4138 |   3988 |    150 |    801 |   2288 |   4 | 1034.5 |
               +--------+--------+--------+--------+--------+-----+--------+

Top non-repeatable levels by time:
     D:2: 1363 daAuts
     D:3: 1106 daAuts
     D:1: 924 daAuts
     D:4: 745 daAuts
